 Dungeon Crawl Stone Soup version 0.28.0 (webtiles) character file.

Game seed: 3990267346457044336

1871 Krehm the Magician (level 9, -4/50 HPs)
             Began as a Gargoyle Fire Elementalist on Feb 15, 2022.
             Was an Initiate of Vehumet.
             Slain by an orc warrior (5 damage)
             ... on level 6 of the Dungeon.
             The game lasted 00:22:30 (7530 turns).

Krehm the Magician (Gargoyle Fire Elementalist)     Turns: 7530, Time: 00:22:30

Health: -4/50      AC: 11    Str: 13    XL:     9   Next: 13%
Magic:  7/19       EV: 11    Int: 19    God:    Vehumet [......]
Gold:   317        SH:  0    Dex: 10    Spells: 15/21 levels left

rFire   + . .      SeeInvis +   d - +2 dagger (flame)
rCold   + . .      Faith    .   (no shield)
rNeg    + . .      Spirit   .   a - +0 robe
rPois   ∞          Reflect  .   (no helmet)
rElec   +          Harm     .   i - scarf {rC+ rF+}
rCorr   +          Rampage  .   (no gloves)
Will    .....                   e - +2 pair of boots
Stlth   ++........              (no amulet)
HPRegen 0.16/turn               m - ring of resist corrosion
MPRegen 0.16/turn               y - ring of see invisible

@: no status effects
A: sickness immunity, AC +6, negative energy resistance 1, electricity
resistance, torment resistance 1, petrification resistance
a: Renounce Religion


You were on level 6 of the Dungeon.
You worshipped Vehumet.
Vehumet was noncommittal.
You visited 2 branches of the dungeon, and saw 8 of its levels.

You collected 317 gold pieces.

Inventory:

Hand Weapons
 d - a +2 dagger of flaming (weapon)
Missiles
 v - 5 boomerangs (quivered)
 w - 2 silver boomerangs
Armour
 a - a +0 robe (worn)
 e - a +2 pair of boots (worn)
 i - a scarf of resistance (worn)
Jewellery
 m - a ring of resist corrosion (left hand)
 y - a ring of see invisible (right hand)
Scrolls
 f - a scroll of vulnerability {unknown}
 h - a scroll of fog {unknown}
 k - a scroll of immolation {unknown}
 l - a scroll of enchant armour {unknown}
 o - a scroll of holy word {unknown}
 u - a scroll of torment {unknown}
 A - a scroll of teleportation {unknown}
Potions
 b - a potion of flight
 c - 3 potions of lignification
 g - a potion of magic {unknown}
 j - a potion of heal wounds {unknown}
 n - a potion of attraction {unknown}
 p - a potion of haste {unknown}
 q - a potion of berserk rage {unknown}
 s - 2 potions of cancellation
 t - a potion of brilliance {unknown}
 x - 2 potions of mutation {unknown}


   Skills:
 - Level 3.0 Fighting
 - Level 2.1 Short Blades
 - Level 1.5 Dodging
 - Level 2.1 Stealth
 - Level 3.4 Unarmed Combat
 + Level 6.6 Spellcasting
 - Level 5.0 Conjurations
 - Level 5.0 Fire Magic
 - Level 4.0 Ice Magic


You had 15 spell levels left.
You knew the following spells:

 Your Spells              Type           Power      Damage    Failure   Level
a - Foxfire               Conj/Fire      100%       2x1d9     1%          1
b - Scorch                Fire           50%        2d7       1%          2
c - Ozocubu's Armour      Ice            21%        N/A       6%          3

Your spell library contained the following spells:

 Spells                   Type           Power      Damage    Failure   Level
 Conjure Flame            Conj/Fire      25%        6-21      4%          3
 Inner Flame              Hex/Fire       15%        N/A       11%         3
 Flame Wave               Conj/Fire      25%        2d7       13%         4
 Metabolic Englaciation   Hex/Ice        6%         N/A       77%         5
 Simulacrum               Ice/Necr       6%         N/A       100%        6
 Summon Cactus Giant      Summ           3%         N/A       100%        6


Dungeon Overview and Level Annotations

Branches:
Dungeon (7/15)             Temple (1/1) D:6

Altars:
Ashenzari
Cheibriados
Dithmenos
Elyvilon
Fedhas
Gozag
Hepliaklqana
Kikubaaqudgha
Makhleb
Nemelex Xobeh
Okawaru
Qazlal
Ru
Sif Muna
Trog
Uskayaw
Vehumet
Xom
Yredelemnul
Zin
The Shining One


Innate Abilities, Weirdness & Mutations

You are immune to sickness and miasma.
Your stone body is resilient. (AC +6)
You are immune to poison.
You resist negative energy. (rN+)
You are resistant to electric shocks. (rElec)
You are resistant to unholy torment.
You are immune to petrification.


Message History

Flames lash the killer bee.
The killer bee is almost dead.
The killer bee's fire resistance burns away.
The killer bee closely misses you.
The killer bee stings you but does no damage.
The killer bee closely misses you. The orc warrior closely misses you.
The killer bee stings you but does no damage.
The killer bee stings you.
* * * LOW HITPOINT WARNING * * *
The killer bee closely misses you. The killer bee stings you.
* * * LOW HITPOINT WARNING * * *
The orc warrior hits you with a +0 dire flail.
* * * LOW HITPOINT WARNING * * *
The killer bee completely misses you.
Unknown command.
Casting: Scorch (safe; 1% risk of failure)
Confirm with . or Enter, or press ? or * to list all spells.
Flames lash the orc warrior.
The orc warrior is moderately wounded.
The orc warrior's fire resistance burns away.
The killer bee barely misses you. x3
The orc warrior hits you with a +0 dire flail.
* * * LOW HITPOINT WARNING * * *
The killer bee closely misses you.
The killer bee is no longer more vulnerable to fire.
The killer bee barely misses you.
The killer bee stings you but does no damage. x2
The orc warrior completely misses you. The killer bee stings you.
* * * LOW HITPOINT WARNING * * *
Unknown command.
Casting: Scorch (safe; 1% risk of failure)
Confirm with . or Enter, or press ? or * to list all spells.
Flames lash the orc warrior but do no damage.
The killer bee is no longer more vulnerable to fire.
The killer bee stings you.
* * * LOW HITPOINT WARNING * * *
The killer bee closely misses you.
The killer bee stings you but does no damage.
The orc warrior hits you with a +0 dire flail.
You die...

PPP^^#
##.##.....#...♣♣♣≈≈♣...
######
#..#(....#....♣♣≈♣♣♣..
##.#.....#....♣≈.≈♣#..
##########
#..#.####.......#.#..
.........# ##.#.#
#.........#.. .........#
#...# ###########..
.........######.>####......#
#..
...............y.o.........#
###
.........#######@y.........#
.........# #####.......#
.........# #.......#
.........# #.......#
.........#### #.......#
....).......# ##......#
###########.## ###########
####....###..#####....##
..#.......##..##.......#


You could see an orc warrior (combustible) and 2 killer bees.

Vanquished Creatures
  3 ogres
  2 black bears
  2 necrophages
  A centaur (D:6)
  A phantom (D:4)
  4 scorpions
  2 water moccasin skeletons
  2 water moccasin zombies (D:6)
  3 wights (D:6)
  2 hounds
  A bullfrog skeleton (D:6)
  2 jellies
  Jessica (D:2)
  3 orc wizards (D:6)
  3 gnolls (D:2)
  14 adders
  A shadow imp (D:6)
  3 ufetubi
  A worm (D:2)
  2 dart slugs
  14 orcs
  12 ball pythons
  9 endoplasms
  4 giant cockroaches
  4 goblins
  5 hobgoblins
  4 jackals (D:2)
  3 bats
  A frilled lizard (D:1)
  5 kobolds
  4 rats
  5 rat zombies (D:3)
123 creatures vanquished.

Vanquished Creatures (others)
  A howler monkey (D:6)
  349 foxfires
350 creatures vanquished.

Grand Total: 473 creatures vanquished

Notes
Turn   | Place    | Note
-------+----------+-------------------------------------------
     0 | D:1      | Krehm the Gargoyle Fire Elementalist began the quest for
                  | the Orb.
     0 | D:1      | Reached XP level 1. HP: 10/10 MP: 3/3
   112 | D:1      | Reached skill level 1 in Fighting
   252 | D:1      | Reached XP level 2. HP: 17/17 MP: 3/5
   255 | D:1      | Learned a level 2 spell: Scorch
   881 | D:1      | You fall into a shaft and drop 1 floor!
   897 | D:2      | Reached XP level 3. HP: 22/22 MP: 1/6
  1351 | D:2      | Reached skill level 1 in Unarmed Combat
  1432 | D:2      | Noticed Jessica
  1441 | D:2      | Killed Jessica
  1442 | D:2      | Reached XP level 4. HP: 28/28 MP: 4/7
  1647 | D:2      | Found a faded altar of an unknown god.
  2385 | D:2      | Reached XP level 5. HP: 29/32 MP: 8/8
  2476 | D:2      | Reached skill level 1 in Short Blades
  2825 | D:3      | Learned a level 3 spell: Ozocubu's Armour
  2880 | D:3      | Noticed an ogre
  3177 | D:3      | Reached XP level 6. HP: 32/37 MP: 7/9
  3329 | D:3      | Found an ancient bone altar of Kikubaaqudgha.
  4048 | D:4      | Noticed a black bear
  4055 | D:4      | Killed a black bear
  4235 | D:4      | Reached skill level 3 in Spellcasting
  4235 | D:4      | Reached XP level 7. HP: 34/41 MP: 0/11
  5015 | D:5      | Entered Level 5 of the Dungeon
  5263 | D:5      | Reached skill level 4 in Spellcasting
  5263 | D:5      | Reached XP level 8. HP: 22/46 MP: 1/14
  5459 | D:5      | Reached skill level 5 in Fire Magic
  5722 | D:5      | Reached skill level 5 in Conjurations
  5946 | D:3      | Reached skill level 5 in Spellcasting
  6059 | D:6      | Reached skill level 1 in Ice Magic
  6141 | D:6      | Found a staircase to the Ecumenical Temple.
  6155 | Temple   | Entered the Ecumenical Temple
  6397 | Temple   | Became a worshipper of Vehumet
  6664 | D:6      | Reached skill level 6 in Spellcasting
  6750 | D:6      | Found a shimmering blue altar of Sif Muna.
  6788 | D:6      | Found a shimmering altar of Xom.
  6939 | D:6      | Found a burning altar of Makhleb.
  6959 | D:6      | Reached XP level 9. HP: 35/50 MP: 4/18
  7447 | D:6      | Found a sacrificial altar of Ru.
  7528 | D:6      | HP: 2/50 [orc warrior (6)]
  7530 | D:6      | Slain by an orc warrior

Illustrated notes

Levels and vault maps discovered:
D:1:      sevenhm_arrival_forest_fort_small_3, layout_basic, serial_rivers,
          chequers_serial_rivers_room_b, chequers_serial_rivers_micro_a,
          chequers_serial_rivers_small_b, chequers_serial_rivers_micro_d,
          chequers_serial_rivers_marsh, chequers_serial_rivers_marsh,
          chequers_arboretum
D:2:      layout_rooms, basic_ecumenical_altar, minmay_snake_closets,
          uniq_jessica
D:3:      layout_rooms, lemuel_zombie_altar_kikubaaqudgha,
          serial_co_window_serial, co_window_corner_a, co_window_paths_b,
          co_window_corner_a, co_window_paths_a, co_window_paths_a,
          co_window_cross_4, co_window_2corner, co_window_broadway_a,
          glass_columns_b, glass_columns_a, glass_columns_c, glass_columns_c,
          glass_columns_a
D:4:      layout_cave_pods
D:5:      layout_gridville, minmay_tree_intersection
D:6:      layout_basic, mainiacjoe_overflow_tiny_flanked,
          nicolae_ru_the_path_less_chosen, mainiacjoe_overflow_two_lobes,
          minmay_temple_entry_trees, serial_bayou_crossing
D:7:      layout_cave_pools, enter_bailey_2
Temple:   eino_temple_rhombus

Skill      XL: |  1  2  3  4  5  6  7  8  9 |
---------------+----------------------------+-----
Fighting       | 1 2 3 |  3.0
Unarmed Combat | 2 3 |  3.4
Short Blades   | 2 |  2.1
Conjurations   | 2 4 5 |  5.0
Spellcasting   | 3 4 6 |  6.6
Fire Magic     | 4 5 |  5.0
Ice Magic      | 3 4 |  4.0
Dodging        | |  1.5
Stealth        | |  2.1

Action                   |  1- 3 |  4- 6 |  7- 9 || total
-------------------------+-------+-------+-------++-------
Melee: Unarmed           |     1 |       |       ||     1
       Dagger            |     1 |    61 |     4 ||    66
       Punch             |       |     3 |       ||     3
 Cast: Foxfire           |    41 |    72 |    89 ||   202
       Scorch            |       |    11 |    42 ||    53
       Ozocubu's Armour  |       |       |     1 ||     1
  Use: Scroll            |       |       |     4 ||     4
 Stab: Sleeping          |       |     6 |     2 ||     8
Armor: Robe              |    12 |    51 |    91 ||   154
Dodge: Dodged            |    26 |    61 |   101 ||   188
